 Dungeon Crawl Stone Soup version 0.21.0-3-g78d12a8 (webtiles) character file.

396402 letownia2 the Wrestler (level 23, -1/128 HPs)
             Began as a Vine Stalker Wizard on Jan 11, 2018.
             Was an Initiate of Gozag.
             Slain by a yaktaur captain
             ... wielding the +4 bardiche of Suzujuc {flame, rF- rN+ MR++}
              (2 damage)
             ... on level 5 of the Vaults.
             The game lasted 02:35:38 (44324 turns).

letownia2 the Wrestler (Vine Stalker Wizard)       Turns: 44324, Time: 02:35:39

Health: -1/128     AC: 24    Str: 22    XL:     23   Next: 21%
Magic:  0/42       EV: 15    Int: 21    God:    Gozag
Gold:   2003       SH: 12    Dex: 14    Spells: 13/50 levels left

rFire    + . .     SeeInvis +     - Unarmed
rCold    + + .     Gourm    .   g - +2 buckler of Distant Worlds {rElec rC+ Regen+ SInv}
rNeg     + . .     Faith    .   z - +6 chain mail "Bairor" {Int+3 SInv Stlth-}
rPois    +         Spirit   +   Q - -2 hat of the Alchemist {rElec rPois rF+ rC+ rN+ MR+ rMut rCorr}
rElec    +         Reflect  +   h - +2 cloak {rPois}
rCorr    +         Harm     .   K - +1 pair of gloves {Str+3}
rMut     +                      j - +1 pair of boots {run}
MR       +++..                  W - +5 amulet of reflection
Stlth    ..........             b - ring of wizardry
HPRegen  2.51/turn              x - +4 ring of evasion
MPRegen  0.28/turn

@: gold aura, regenerating, quick
A: fangs 3, regeneration 2, magic shield, antimagic bite, no potion heal 3, rot
immunity
}: 2/15 runes: decaying, serpentine
a: Potion Petition, Call Merchant, Bribe Branch, Renounce Religion


You were on level 5 of the Vaults.
You worshipped Gozag.
Gozag was most pleased with you.
You were not hungry.

You visited 8 branches of the dungeon, and saw 40 of its levels.
You also visited: Ossuary and Ice Cave.

You collected 18494 gold pieces.
You spent 592 gold pieces at shops.
You paid 15899 gold pieces to Gozag.

Inventory:

Missiles
 f - 6 throwing nets (quivered)
Armour
 c - the +1 ring mail of Honour {Str+2}
   (You found it on level 5 of the Vaults)

   It affects your strength (+2).
 g - the +2 buckler of Distant Worlds (worn) {rElec rC+ Regen+ SInv}
   (You found it on level 2 of the Lair of Beasts)

   It protects you from cold.
   It insulates you from electricity.
   It lets you see invisible.
   It increases your rate of regeneration.
 h - a +2 cloak of poison resistance (worn)
 j - a +1 pair of boots of running (worn)
 o - the +2 pair of gloves "Fomp" {+Inv rPois Str-5 Dex+5}
   (You found it on level 5 of the Vaults)

   It affects your strength (-5).
   It affects your dexterity (+5).
   It protects you from poison.
   It lets you turn invisible.
 z - the +6 chain mail "Bairor" (worn) {Int+3 SInv Stlth-}
   (You found it on level 1 of the Elven Halls)

   It affects your intelligence (+3).
   It lets you see invisible.
   It makes you less stealthy.
 K - a +1 pair of gloves of strength (worn)
 Q - the -2 hat of the Alchemist (worn) {rElec rPois rF+ rC+ rN+ MR+ rMut rCorr}
   (You bought it in a shop on level 1 of the Dungeon)

   It protects you from fire.
   It protects you from cold.
   It insulates you from electricity.
   It protects you from poison.
   It protects you from negative energy.
   It affects your resistance to hostile enchantments.
   It protects you from acid and corrosion.
   It protects you from mutation.
Jewellery
 b - a ring of wizardry (left hand)
 e - the ring of Elitism {rPois Dex-3 Slay+2 SInv Stlth+, unknown}
   (You took it off a fire giant on level 5 of the Vaults)

   [ring of slaying]

   It affects your dexterity (-3).
   It affects your accuracy and damage with ranged weapons and melee attacks
   (+2).
   It protects you from poison.
   It lets you see invisible.
   It makes you more stealthy.
 t - the ring of the City {MR+ Stlth+}
   (You found it on level 10 of the Dungeon)

   [ring of protection from magic]

   It affects your resistance to hostile enchantments.
   It makes you more stealthy.
 x - a +4 ring of evasion (right hand)
 O - an uncursed ring of positive energy
 W - a +5 amulet of reflection (around neck)
Wands
 l - a wand of acid (13)
 r - a wand of digging (12)
 L - a wand of iceblast (21)
 S - a wand of paralysis (34)
 Z - a wand of scattershot (1)
Scrolls
 i - 8 scrolls of identify
 p - 9 scrolls of fog
 w - 7 scrolls of immolation
 y - 19 scrolls of remove curse
 A - 5 scrolls of magic mapping
 E - a scroll of summoning
 M - 3 scrolls of blinking
 P - a scroll of silence
 X - 4 scrolls of teleportation
Potions
 k - 12 potions of mutation
 m - 13 potions of flight
 n - 2 potions of ambrosia
 q - 4 potions of magic
 s - 17 potions of curing
 u - 8 potions of cancellation
 B - 5 potions of haste
 C - 9 potions of agility
 F - 4 potions of invisibility
 G - 8 potions of brilliance
 H - 4 potions of lignification
 N - 4 potions of resistance
 R - a potion of berserk rage
 V - 3 potions of might
Miscellaneous
 a - a fan of gales
 v - a phial of floods
 D - a lightning rod (4/4)
 T - 2 phantom mirrors
Comestibles
 d - 31 rations


   Skills:
 + Level 15.9 Fighting
 - Level 11.5 Armour
 - Level 5.2 Dodging
 - Level 2.4 Stealth
 - Level 5.0 Shields
 + Level 25.7 Unarmed Combat
 - Level 14.3 Spellcasting
 - Level 3.1 Conjurations
 - Level 2.0 Hexes
 - Level 3.1 Charms
 - Level 2.2 Summonings
 - Level 3.1 Necromancy
 - Level 2.1 Translocations
 - Level 7.0 Transmutations
 - Level 2.5 Fire Magic
 - Level 2.1 Air Magic
 - Level 2.2 Poison Magic
 - Level 3.0 Evocations


You had 13 spell levels left.
You knew the following spells:

 Your Spells              Type           Power        Failure   Level  Hunger
a - Magic Dart            Conj           ####         2%          1    None
b - Blink                 Tloc           N/A          6%          2    None
c - Conjure Flame         Conj/Fire      ####....     9%          3    None
d - Swiftness             Chrm/Air       ####....     4%          2    None
e - Mephitic Cloud        Conj/Pois/Air  ####....     10%         3    None
g - Regeneration          Chrm/Necr      ####......   8%          3    None
i - Silence               Hex/Air        ###.......   69%         5    ###....
k - Blade Hands           Tmut           #####.....   14%         5    ###....
p - Spider Form           Tmut/Pois      ####......   4%          3    None
r - Deflect Missiles      Chrm/Air       ####......   98%         6    #####..
x - Inner Flame           Hex/Fire       ###.....     11%         3    None
z - Summon Butterflies    Summ           ###.....     3%          1    None


Dungeon Overview and Level Annotations

Branches:
Dungeon (15/15)            Temple (1/1) D:4            Lair (6/6) D:9
  Swamp (4/4) Lair:2        Snake (4/4) Lair:2        Slime (0/5) Lair:6
    Orc (2/2) D:10            Elf (3/3) Orc:2        Vaults (5/5) D:14
  Crypt (0/3) Vaults:3     Depths (0/5) D:15

Altars:
Elyvilon
Gozag
Hepliaklqana
Kikubaaqudgha
Makhleb
Okawaru
Qazlal
Ru
Uskayaw
Vehumet
Xom
Yredelemnul
Zin
The Shining One
Beogh
Jiyva

Shops:
D:1 [   D:9 ?   D:13 [   Orc:1 }   Orc:2 *!((   Elf:1 %   Elf:2 (((
Lair:2 :[**[[:[[[*   Vaults:4 %   Vaults:5 !

Portals:
Trove: D:10 (give +2 shadow dragon scales)

Annotations:
D:4 2 transporters, Menkaure
Elf:2 3 runed doors


Innate Abilities, Weirdness & Mutations

You have razor-sharp teeth.
You heal very quickly.
When hurt, damage is shared between your health and your magic reserves.
Your bite disrupts and absorbs the magic of your enemies.
Potions cannot restore your health.
You are immune to rotting.


Message History

The yaktaur captain burns you.
* * * LOW HITPOINT WARNING * * *
You are too injured to fight recklessly!
You are too injured to fight recklessly!
Unknown command.
Unknown command.
You punch the ogre mage!
The ogre mage is moderately wounded.
Unknown command.
Unknown command.
Unknown command.
The ogre mage misses you. The ogre completely misses you.
The deep elf high priest invokes the aid of its god against you.
Something smites you!
* * * LOW HITPOINT WARNING * * *
The yaktaur captain hits you with a crystal bardiche {flame}!!
* * * LOW HITPOINT WARNING * * *
The yaktaur captain burns you.
You die...
Your body crumbles into a pile of gold.

......# #..........#....# ......#
#..........#....# ......#
#..........#....# ......#
+##..........#....#
###...........#####..#....# #..
.∩#...........#$(.#..#....##...
..#...#####...#...#..#....#...
..#...#...#...#$O.#..#....#..#
###...#[[.#...##@##(.#...)#..##
......#[).#...$Ocep..#...)#...##.
......##'##.....pO$$.#....#.(....
..........).....c.........(......
####################........#####
(............(.........<<........
......................<..<.......
.....................(.<<........
.........................O.......


You could see a vault warden, 2 yaktaur captains, an ogre mage, a deep elf high
priest, an ironbrand convoker and 2 ogres.

Vanquished Creatures
  Mara (Swamp:3)
  Margery (Vaults:2)
  Xtahua (Vaults:2)
  Nikola (Elf:2)
  Jorgrun (Swamp:4)
  3 tentacled monstrosities
  6 titans (Vaults:5)
  Rupert (Lair:5)
  2 deep elf blademasters (Elf:3)
  Frances (D:12)
  2 deep elf master archers (Elf:3)
  2 sphinxes (Vaults:2)
  3 thorn hunters
  A tengu reaver (Vaults:5)
  A storm dragon (Vaults:4)
  Donald (Swamp:2)
  9 nagarajas (Snake:4)
  4 shadow dragons (Vaults:5)
  An azure jelly (Swamp:4)
  A fire giant (Vaults:5)
  Aizul (Vaults:2)
  Louise (Snake:4)
  2 iron dragons (Vaults:5)
  13 vault wardens
  5 deep elf elementalists (Elf:3)
  2 frost giants
  5 deep elf sorcerers
  3 ghouls
  11 ironheart preservers
  5 very ugly things
  4 war gargoyles
  An entropy weaver (Vaults:2)
  3 stone giants
  5 deep elf demonologists
  6 deep elf annihilators (Elf:3)
  A dire elephant (Lair:6)
  Azrael (Orc:2)
  Snorg (D:11)
  7 deep elf death magi
  6 ettins
  An eidolon (Vaults:3)
  A blizzard demon (IceCv)
  3 fire dragons
  4 yaktaur captains
  Josephine (D:11)
  5 rakshasas
  6 ice dragons
  2 great orbs of eyes
  10 hydras
  17 naga warriors
  Fannar (Lair:2)
  31 vault guards
  A catoblepas (Lair:6)
  A ghost crab (Swamp:2)
  6 centaur warriors
  11 alligators
  4 death knights
  31 two-headed ogres
  10 anacondas
  3 tengu warriors
  An alligator (shapeshifter) (Vaults:5)
  2 deep troll shamans
  12 death yaks
  11 ogre magi
  6 orc high priests
  5 shock serpents
  A titan zombie (Vaults:4)
  A vampire mage (Vaults:3)
  10 naga sharpshooters
  7 spriggans
  19 deep elf knights
  4 hell knights (Vaults:2)
  A fire crab (shapeshifter) (Vaults:2)
  2 unseen horrors
  7 skeletal warriors
  2 spriggan druids
  A storm dragon skeleton (Vaults:4)
  A shadow dragon zombie (Vaults:4)
  8 deep trolls
  4 flayed ghosts
  A glowing orange brain (Vaults:5)
  6 wizards
  3 naga ritualists
  5 harpies
  3 shambling mangroves
  7 swamp dragons
  6 phantasmal warriors
  16 orc knights
  A tengu zombie (Vaults:4)
  13 deep elf archers
  8 necromancers
  15 ironbrand convokers
  The ghost of manyhoops the Fighter, a novice GnWn of Hepliaklqana (D:5)
  An oklob plant (Lair:6)
  A stone giant zombie (Vaults:4)
  7 wolf spiders
  60 deep elf magi
  4 salamanders
  4 orc sorcerers
  2 cyclopes
  29 ugly things
  5 mana vipers
  3 elephants (Lair:6)
  2 ice statues (IceCv)
  11 vault sentinels
  25 naga magi
  2 guardian serpents
  18 black mambas
  An eye of devastation (shapeshifter) (Vaults:5)
  A frost giant skeleton (Vaults:3)
  A gargoyle (D:10)
  12 spiny frogs
  9 komodo dragons
  4 rime drakes
  A rime drake (shapeshifter) (Elf:3)
  21 yaktaurs
  An efreet (D:14)
  A torpor snail (Lair:6)
  9 freezing wraiths
  A tengu conjurer (D:15)
  13 ice devils (IceCv)
  A yaktaur skeleton (Vaults:3)
  A redback zombie (D:14)
  A queen bee (shapeshifter) (Vaults:3)
  9 hornets
  7 tyrant leeches
  A wolf spider simulacrum (Vaults:1)
  A merfolk (D:9)
  A wind drake (shapeshifter) (Vaults:5)
  A jumping spider (Vaults:2)
  11 trolls
  2 polar bears
  A hornet (shapeshifter) (Vaults:2)
  17 blink frogs
  A sphinx simulacrum (Vaults:3)
  15 slime creatures
  A tengu simulacrum (Vaults:4)
  3 bog bodies
  13 hippogriffs
  3 redbacks (Vaults:2)
  2 redbacks (shapeshifter)
  2 shadows
  A tarantella (shapeshifter) (D:13)
  2 centaur simulacra (D:13)
  4 wyverns
  10 wraiths
  3 air elementals
  A yak (shapeshifter) (Vaults:5)
  20 yaks
  A vampire (D:12)
  5 water elementals
  A human (shapeshifter) (Vaults:3)
  5 fire elementals
  5 basilisks
  A hungry ghost (D:14)
  4 swamp worm simulacra (Swamp:4)
  15 vampire mosquitoes
  25 swamp worms
  7 wargs
  2 acid dragons
  12 insubstantial wisps
  36 nagas
  12 water moccasins
  2 hell hounds (Orc:2)
  12 hydra simulacra (Swamp:4)
  6 swamp drakes
  8 porcupines
  An ogre skeleton (Vaults:1)
  41 orc warriors
  3 black bears
  A necrophage (D:7)
  8 ice beasts
  A black bear (shapeshifter) (Vaults:2)
  28 ogres
  A phantom (D:4)
  2 sky beasts
  The ghost of manyhoops the Magician, an amateur GnWn (D:3)
  25 centaurs
  24 wolves
  3 human skeletons
  An elf simulacrum (Vaults:4)
  11 crocodiles
  2 big kobolds (D:9)
  27 bullfrogs
  An earth elemental (Elf:3)
  2 gnoll sergeants
  2 glowing shapeshifter simulacra (Vaults:3)
  5 scorpions
  A hornet simulacrum (D:13)
  7 wights
  3 killer bees (D:11)
  3 electric eels
  A bullfrog zombie (D:6)
  7 crimson imps
  2 quasits
  9 hounds
  2 wyvern simulacra (D:13)
  3 centaur zombies
  2 human zombies
  23 orc priests
  2 jellies
  3 bullfrog skeletons
  4 human simulacra
  34 orc wizards
  5 centaur skeletons
  3 iguanas
  7 worker ants
  2 big kobold zombies (Ossuary)
  4 hound zombies
  4 mummies (Ossuary)
  A hound skeleton (D:10)
  20 gnolls
  A worker ant zombie (D:10)
  12 adders
  A howler monkey skeleton (D:7)
  2 shadow imps
  11 white imps
  10 ufetubi
  An ooze (D:1)
  4 swamp drake simulacra (Swamp:4)
  A worm (shapeshifter) (Vaults:2)
  2 worms
  2 dart slugs
  6 leopard geckos
  94 orcs
  10 bats
  5 giant cockroaches
  8 goblins
  3 hobgoblins
  6 jackals
  2 quokkas
  6 ball pythons
  3 frilled lizards
  A hobgoblin zombie (Ossuary)
  12 kobolds
  3 kobold zombies (Ossuary)
  3 orc zombies (Ossuary)
  A quokka zombie (D:9)
  A rat (D:1)
  A rat zombie (Ossuary)
  3 briar patches (Swamp:4)
  A bush (Lair:6)
  A plant (Lair:2)
1567 creatures vanquished.

Vanquished Creatures (others)
  An azure jelly (Swamp:4)
  18 dancing weapons
  A deep elf knight (Elf:3)
  A spriggan druid (Swamp:4)
  A deep elf archer (Elf:2)
  A naga mage (Snake:4)
  A yaktaur (Vaults:3)
  A hornet (Vaults:3)
  A water elemental (Elf:3)
  A vampire mosquito (Swamp:3)
  3 insubstantial wisps (Swamp:4)
  An orc warrior (Orc:2)
  An orc wizard (Orc:2)
  A white imp (IceCv)
  2 ufetubi (IceCv)
  7 briar patches
  4 fungi
  4 plants
50 creatures vanquished.

Grand Total: 1617 creatures vanquished

Notes
Turn   | Place    | Note
-------+----------+-------------------------------------------
     0 | D:1      | letownia2 the Vine Stalker Wizard began the quest for the Orb.
     0 | D:1      | Reached XP level 1. HP: 9/9 MP: 5/5
   575 | D:3      | Reached XP level 2. HP: 14/14 MP: 1/7
   588 | D:3      | Learned a level 2 spell: Blink
   788 | D:3      | Reached skill level 1 in Unarmed Combat
   800 | D:3      | Reached skill level 1 in Fighting
  1133 | D:3      | Reached XP level 3. HP: 13/18 MP: 3/8
  1299 | D:2      | Learned a level 3 spell: Mephitic Cloud
  1317 | D:2      | Gained mutation: Your natural rate of healing is unusually fast. [Vine Stalker growth]
  1317 | D:2      | Reached XP level 4. HP: 14/22 MP: 3/9
  1373 | D:3      | Reached skill level 2 in Unarmed Combat
  1409 | D:3      | Found a glowing golden altar of the Shining One.
  1521 | D:4      | Learned a level 3 spell: Conjure Flame
  1522 | D:4      | Found a basalt altar of Yredelemnul.
  1528 | D:4      | Noticed Menkaure
  1553 | D:4      | Reached skill level 1 in Air Magic
  1553 | D:4      | Reached skill level 1 in Poison Magic
  1553 | D:4      | Reached XP level 5. HP: 22/26 MP: 9/11
  1575 | D:4      | Found a transporter.
  1579 | D:4      | Found a transporter.
  1600 | D:4      | Found an ancient bone altar of Kikubaaqudgha.
  1814 | D:4      | Noticed a phantom
  1907 | D:4      | Found a staircase to the Ecumenical Temple.
  1916 | Temple   | Entered the Ecumenical Temple
  1922 | Temple   | Became a worshipper of Gozag Ym Sagoz the Greedy
  2009 | D:3      | Reached skill level 1 in Fire Magic
  2087 | D:3      | Found a glowing silver altar of Zin.
  2090 | D:3      | Noticed manyhoops's ghost (amateur GnWn)
  2632 | D:1      | Reached XP level 6. HP: 30/32 MP: 12/12
  3594 | D:4      | Killed a phantom
  3714 | D:5      | Entered Level 5 of the Dungeon
  3920 | D:5      | Found a burning altar of Makhleb.
  3964 | D:5      | Reached XP level 7. HP: 16/36 MP: 7/14
  4007 | D:5      | Found a sand-covered staircase.
  4026 | Ossuary  | Entered an ossuary
  4502 | D:5      | Noticed manyhoops's ghost (novice GnWn)
  4521 | D:5      | Killed manyhoops's ghost
  4521 | D:5      | Reached skill level 5 in Spellcasting
  4521 | D:5      | Gained mutation: You have razor-sharp teeth. [Vine Stalker growth]
  4521 | D:5      | Reached XP level 8. HP: 29/42 MP: 13/17
  4761 | D:6      | Reached skill level 5 in Fighting
  4767 | D:6      | Noticed a four-headed hydra
  4860 | D:3      | Killed manyhoops's ghost
  5306 | D:6      | Reached XP level 9. HP: 42/47 MP: 16/19
  6394 | D:8      | Got a translucent ring mail
  6405 | D:8      | Identified the cursed +1 ring mail "Piffenol" {rElec rC+} (You found it on level 8 of the Dungeon)
  6638 | D:8      | Reached XP level 10. HP: 48/55 MP: 23/23
  6708 | D:9      | Noticed a two-headed ogre
  6881 | D:9      | Killed a two-headed ogre
  6926 | D:9      | Learned a level 3 spell: Regeneration
  7012 | D:9      | Reached skill level 3 in Unarmed Combat
  7075 | D:9      | Found Nodetz's Magic Scroll Shoppe.
  7141 | D:9      | Found an iron altar of Okawaru.
  7171 | D:9      | Found a staircase to the Lair.
  7256 | D:9      | Found a shimmering altar of Xom.
  7332 | D:9      | Found a white marble altar of Elyvilon.
  7332 | D:9      | Found a radiant altar of Vehumet.
  7357 | D:9      | Found a shadowy altar of Dithmenos.
  7357 | D:9      | Found a shimmering altar of Xom.
  7357 | D:9      | Found a hide-covered altar of Uskayaw.
  7429 | D:9      | Found a sacrificial altar of Ru.
  7464 | D:10     | Entered Level 10 of the Dungeon
  7523 | D:10     | Noticed a two-headed ogre
  7548 | D:10     | Killed a two-headed ogre
  7548 | D:10     | Reached skill level 4 in Unarmed Combat
  7588 | D:10     | Found a portal to a secret trove of treasure.
  7597 | D:10     | Reached skill level 5 in Unarmed Combat
  7674 | D:10     | Reached XP level 11. HP: 61/62 MP: 19/25
  7836 | D:10     | Got a heavily runed steel ring
  7845 | D:10     | Identified the ring of the City {MR+ Stlth+} (You found it on level 10 of the Dungeon)
  7872 | D:10     | Found a staircase to the Orcish Mines.
  7916 | D:10     | Reached skill level 6 in Unarmed Combat
  8537 | D:10     | Learned a level 3 spell: Spider Form
  8541 | D:11     | Noticed a green ugly thing
  8550 | D:10     | Killed a green ugly thing
  8550 | D:10     | Reached skill level 7 in Unarmed Combat
  8696 | D:11     | Noticed a two-headed ogre
  8700 | D:11     | Noticed a cyan ugly thing
  8700 | D:11     | Noticed a two-headed ogre
  9073 | D:11     | Noticed Josephine
  9094 | D:11     | Killed a two-headed ogre
  9094 | D:11     | Reached skill level 8 in Unarmed Combat
  9159 | D:11     | Killed a two-headed ogre
  9159 | D:11     | Reached skill level 9 in Unarmed Combat
  9390 | D:11     | Killed Josephine
  9435 | D:10     | Reached skill level 10 in Unarmed Combat
  9527 | D:11     | Killed a cyan ugly thing
  9599 | D:11     | Killed an unseen horror
  9942 | D:11     | Noticed Snorg
  9958 | D:11     | Killed Snorg
  9958 | D:11     | Reached skill level 11 in Unarmed Combat
  9958 | D:11     | Gained mutation: You heal very quickly. [Vine Stalker growth]
  9958 | D:11     | Reached XP level 12. HP: 66/67 MP: 16/26
 10146 | D:10     | Reached skill level 1 in Transmutations
 10158 | Orc:1    | Entered Level 1 of the Orcish Mines
 10170 | Orc:1    | Found a roughly hewn altar of Beogh.
 10513 | Orc:1    | Noticed an orc high priest
 10521 | Orc:1    | Killed an orc high priest
 10645 | Orc:2    | Entered Level 2 of the Orcish Mines
 10924 | Orc:2    | Found a staircase to the Elven Halls.
 11031 | Orc:2    | Reached skill level 12 in Unarmed Combat
 11196 | Orc:1    | Found Unixadix's Gadget Boutique.
 11723 | Orc:2    | Noticed an orc high priest
 11906 | Orc:2    | Noticed Azrael
 12184 | D:12     | Reached skill level 13 in Unarmed Combat
 12185 | D:12     | Noticed a centaur warrior
 12200 | D:12     | Killed a centaur warrior
 12766 | D:12     | Noticed Frances
 12767 | D:12     | Noticed a sun demon
 12794 | D:12     | Killed Frances
 12794 | D:12     | Reached skill level 14 in Unarmed Combat
 12794 | D:12     | Reached XP level 13. HP: 33/72 MP: 12/27
 13413 | Lair:1   | Entered Level 1 of the Lair of Beasts
 13554 | Lair:1   | Reached skill level 10 in Fighting
 14204 | Lair:2   | Noticed Fannar
 14257 | Lair:2   | Killed Fannar
 14532 | Lair:2   | Got a steaming buckler
 14538 | Lair:2   | Identified the +2 buckler of Distant Worlds {rElec rC+ Regen+ SInv} (You found it on level 2 of the Lair of Beasts)
 14565 | Lair:2   | Found a staircase to the Snake Pit.
 14674 | Lair:2   | Reached skill level 1 in Shields
 14791 | Lair:2   | Found a staircase to the Swamp.
 15062 | Lair:2   | Reached skill level 1 in Evocations
 15258 | Lair:2   | Learned a level 5 spell: Blade Hands
 15488 | Orc:2    | Found a roughly hewn altar of Beogh.
 15571 | Orc:2    | Killed Azrael
 15960 | Orc:2    | Reached skill level 5 in Shields
 15960 | Orc:2    | Reached skill level 15 in Unarmed Combat
 15981 | Orc:2    | Found Xeunnuim's Assorted Antiques.
 15981 | Orc:2    | Found Kerphibo's Antique Weapon Emporium.
 15983 | Orc:2    | Found Ubauph's Distillery.
 15983 | Orc:2    | Found Giefif's Antique Weapon Emporium.
 15989 | Orc:2    | Bought a scroll labeled SUTECE PUDAE for 26 gold pieces
 16200 | D:13     | Found Poclomot's Antique Armour Shop.
 16239 | D:13     | Reached XP level 14. HP: 57/77 MP: 21/28
 16317 | D:13     | Reached skill level 16 in Unarmed Combat
 17117 | D:14     | Found a gate to the Vaults.
 17167 | D:14     | Identified the Catalogue of Enchantment and Toxins
 17473 | D:14     | Reached skill level 17 in Unarmed Combat
 18033 | D:14     | Learned a level 3 spell: Inner Flame
 20054 | Lair:5   | Noticed Rupert
 20072 | Lair:5   | Killed Rupert
 20072 | Lair:5   | Reached XP level 15. HP: 72/83 MP: 16/29
 20299 | Lair:5   | You fall through a shaft!
 20299 | Lair:6   | Entered Level 6 of the Lair of Beasts
 20323 | Lair:6   | Identified a scroll of acquirement
 20342 | Lair:6   | Identified a +1 pair of boots of running (You acquired it on level 6 of the Lair of Beasts)
 20678 | Lair:6   | Reached skill level 18 in Unarmed Combat
 21539 | Lair:6   | Found a viscous altar of Jiyva.
 21540 | Lair:6   | Found a staircase to the Slime Pits.
 22305 | Snake:1  | Entered Level 1 of the Snake Pit
 22550 | Snake:1  | Found a frozen archway.
 22585 | IceCv    | Entered an ice cave
 22892 | IceCv    | Reached XP level 16. HP: 86/91 MP: 30/30
 23561 | Snake:1  | Reached skill level 19 in Unarmed Combat
 24248 | D:15     | Entered Level 15 of the Dungeon
 24327 | D:15     | Found a staircase to the Depths.
 24865 | Elf:1    | Entered Level 1 of the Elven Halls
 24931 | Elf:1    | Found Siasch's Food Emporium.
 24948 | Elf:1    | Got a jewelled chain mail
 24959 | Elf:1    | Identified the +6 chain mail "Bairor" {Int+3 SInv Stlth-} (You found it on level 1 of the Elven Halls)
 25412 | Elf:1    | Reached skill level 5 in Armour
 25724 | Elf:2    | Found Xuebeff's Antique Weapon Emporium.
 25986 | Elf:2    | Reached XP level 17. HP: 93/97 MP: 28/31
 26118 | Elf:2    | Found a runed gate.
 26118 | Elf:2    | Found a runed gate.
 26118 | Elf:2    | Found a runed gate.
 26191 | Elf:2    | Found Vytror's Antique Weapon Shop.
 26233 | Elf:2    | Noticed Nikola
 26264 | Elf:2    | Killed Nikola
 26452 | Elf:2    | Found Paczae's Antique Weapon Emporium.
 27758 | Snake:3  | Reached skill level 20 in Unarmed Combat
 28529 | Snake:4  | Entered Level 4 of the Snake Pit
 29338 | Snake:4  | Reached XP level 18. HP: 62/102 MP: 16/32
 29470 | Snake:4  | Reached skill level 10 in Armour
 29739 | Snake:4  | Noticed Louise
 29766 | Snake:4  | Killed Louise
 29809 | Snake:4  | Got a serpentine rune of Zot
 30256 | Elf:3    | Entered Level 3 of the Elven Halls
 30358 | Elf:3    | Reached skill level 10 in Spellcasting
 30551 | Elf:3    | Reached skill level 21 in Unarmed Combat
 31224 | Elf:3    | Noticed a deep elf blademaster
 31225 | Elf:3    | Noticed a deep elf blademaster
 31239 | Elf:3    | Killed a deep elf blademaster
 31245 | Elf:3    | Killed a deep elf blademaster
 31246 | Elf:3    | Noticed a deep elf master archer
 31246 | Elf:3    | Noticed a deep elf master archer
 31264 | Elf:3    | Killed a deep elf master archer
 31267 | Elf:3    | Reached XP level 19. HP: 71/106 MP: 26/35
 31398 | Elf:3    | Got a coiled golden ring
 31564 | Elf:3    | Identified the ring "Deinlui" {rF+ rC++ Str+2 Dex+3} (You took it off a deep elf mage on level 3 of the Elven Halls)
 31607 | Elf:3    | Identified the Tome of Creative Sinister Rituals
 31655 | Elf:3    | Learned a level 5 spell: Silence
 31662 | Elf:3    | Learned a level 6 spell: Deflect Missiles
 31765 | Elf:3    | Identified the Volume of Entrancing Changing
 31780 | Elf:3    | Got a spiked chain mail
 31791 | Elf:3    | Identified the +1 chain mail of the Slightly Bent {rN+} (You found it on level 3 of the Elven Halls)
 31808 | Elf:3    | Learned a level 2 spell: Swiftness
 31812 | Elf:3    | Learned a level 1 spell: Summon Butterflies
 31849 | Elf:3    | Got an encrusted eveningstar
 31850 | Elf:3    | Identified the +10 eveningstar of Uxoylo {venom, rC+ Int+2} (You found it on level 3 of the Elven Halls)
 31901 | Elf:3    | Got a smoking hand axe
 31902 | Elf:3    | Identified the cursed +3 hand axe "Oplauffelaa" {pain, *Noise +Inv rF+ Int+5} (You found it on level 3 of the Elven Halls)
 32258 | D:1      | Bought the -2 hat of the Alchemist {rElec rPois rF+ rC+ rN+ MR+ rMut rCorr} for 566 gold pieces
 32258 | D:1      | Found the -2 hat of the Alchemist {rElec rPois rF+ rC+ rN+ MR+ rMut rCorr}
 32656 | Vaults:1 | Entered Level 1 of the Vaults
 33715 | Vaults:2 | Reached skill level 22 in Unarmed Combat
 33857 | Vaults:2 | HP: 1/106 [entropy weaver (6)]
 34095 | Vaults:2 | Noticed Margery
 34111 | Vaults:2 | Killed Margery
 34414 | Vaults:2 | Noticed Aizul
 34435 | Vaults:2 | Killed Aizul
 34654 | Vaults:2 | Reached skill level 1 in Charms
 34680 | Vaults:2 | Reached skill level 1 in Hexes
 34680 | Vaults:2 | Reached skill level 1 in Necromancy
 34701 | Vaults:2 | Reached XP level 20. HP: 72/112 MP: 33/38
 34936 | Vaults:2 | Noticed Xtahua
 34952 | Vaults:2 | Killed Xtahua
 35595 | Vaults:3 | Reached skill level 5 in Dodging
 35966 | Vaults:3 | Found a staircase to the Crypt.
 36611 | Vaults:3 | Reached skill level 15 in Fighting
 36872 | Vaults:3 | Reached XP level 21. HP: 117/117 MP: 40/40
 37443 | Vaults:4 | Found Touwat's Food Shoppe.
 37609 | Vaults:4 | Reached skill level 5 in Transmutations
 37960 | Vaults:4 | Reached skill level 23 in Unarmed Combat
 38741 | Swamp:1  | Entered Level 1 of the Swamp
 40013 | Swamp:2  | Noticed Donald
 40028 | Swamp:2  | Killed Donald
 41056 | Swamp:3  | Noticed Mara
 41080 | Swamp:3  | Noticed letownia2's illusion
 41367 | Swamp:3  | Killed Mara
 41367 | Swamp:3  | Reached XP level 22. HP: 122/122 MP: 41/41
 41532 | Swamp:4  | Entered Level 4 of the Swamp
 41666 | Swamp:4  | Noticed Jorgrun
 41684 | Swamp:4  | Reached skill level 24 in Unarmed Combat
 41691 | Swamp:4  | Killed Jorgrun
 42621 | Swamp:4  | Got a decaying rune of Zot
 43105 | Vaults:5 | Entered Level 5 of the Vaults
 43594 | Vaults:5 | Reached skill level 25 in Unarmed Combat
 43764 | Vaults:5 | Got a translucent ring mail
 43850 | Vaults:5 | Identified the +1 ring mail of Honour {Str+2} (You found it on level 5 of the Vaults)
 43875 | Vaults:5 | Got a coiled iron ring
 44004 | Vaults:5 | Found Utsuar's Distillery.
 44063 | Vaults:5 | Got a pair of twisted gloves
 44074 | Vaults:5 | Identified the +2 pair of gloves "Fomp" {+Inv rPois Str-5 Dex+5} (You found it on level 5 of the Vaults)
 44186 | Vaults:5 | Reached XP level 23. HP: 58/127 MP: 42/42
 44324 | Vaults:5 | HP: 1/128 [yaktaur captain/crystal bardiche {flame} (20)]
 44324 | Vaults:5 | Identified the +4 bardiche of Suzujuc {flame, rF- rN+ MR++}
 44324 | Vaults:5 | Slain by a yaktaur captain

Skill      XL: |  1  2  3  4  5  6  7  8  9 10 11 12 13 14 15 16 17 18 19 20 21 22 |
---------------+-------------------------------------------------------------------+-----
Unarmed Combat | 1 2 5 11 14 15 17 18 19 20 21 22 23 25 | 25.7
Fighting       | 1 2 3 4 5 7 9 10 11 13 14 15 | 15.9
Conjurations   | 2 3 |  3.1
Air Magic      | 1 2 |  2.1
Poison Magic   | 1 2 |  2.2
Fire Magic     | 1 2 |  2.5
Spellcasting   | 4 5 6 8 9 11 13 14 | 14.3
Armour         | 2 3 7 9 10 11 | 11.5
Dodging        | 2 3 4 5 |  5.2
Transmutations | 2 3 7 |  7.0
Shields        | 5 |  5.0
Evocations     | 3 |  3.0
Translocations | 2 |  2.1
Charms         | 1 3 |  3.1
Hexes          | 1 2 |  2.0
Necromancy     | 1 3 |  3.1
Summonings     | 2 |  2.2
Stealth        | |  2.4

Action                   |  1- 3 |  4- 6 |  7- 9 | 10-12 | 13-15 | 16-18 | 19-21 | 22-24 || total
-------------------------+-------+-------+-------+-------+-------+-------+-------+-------++-------
Melee: Dagger            |    24 |   177 |   370 |   593 |       |       |       |       ||  1164
       Bite              |     2 |    34 |    73 |   233 |   400 |   496 |   700 |   300 ||  2238
       Punch             |       |     3 |     2 |    41 |    10 |       |       |       ||    56
       Unarmed           |       |       |       |   383 |  1371 |  1514 |  1882 |   710 ||  5860
Throw: Javelin           |     8 |       |     5 |    26 |     1 |       |       |       ||    40
       Throwing net      |       |       |       |       |       |       |       |     1 ||     1
 Cast: Magic Dart        |    37 |     5 |     2 |       |       |       |       |       ||    44
       Mephitic Cloud    |       |       |     3 |    14 |    16 |     4 |    14 |     3 ||    54
       Conjure Flame     |       |       |       |    22 |    29 |    18 |     3 |    12 ||    84
       Blink             |       |       |       |    10 |    10 |     1 |     3 |     8 ||    32
       Regeneration      |       |       |       |       |       |       |     3 |    24 ||    27
Invok: Call Merchant     |       |       |       |       |     7 |     1 |     3 |     1 ||    12
       Potion Petition   |       |       |       |       |       |       |       |     1 ||     1
Evoke: Wand              |       |       |       |     4 |    19 |     6 |    16 |     4 ||    49
  Use: Scroll            |       |       |     3 |     7 |    23 |     7 |     9 |     4 ||    53
       Potion            |       |       |       |     1 |       |       |     1 |       ||     2
 Stab: Sleeping          |       |     1 |     2 |     3 |    10 |     4 |       |       ||    20
       Distracted        |       |     1 |       |     1 |     9 |    13 |    12 |     7 ||    43
       Confused          |       |       |     2 |     6 |     5 |     2 |     5 |     3 ||    23
       Held in net/web   |       |       |       |       |       |       |       |     2 ||     2
  Eat: Chunk             |     1 |     3 |       |       |       |       |       |       ||     4
       Ration            |       |     2 |     4 |     5 |    10 |     8 |     9 |     4 ||    42
Armor: Leather armour    |     8 |     5 |       |       |       |       |       |       ||    13
       Ring mail         |       |    49 |   167 |   508 |   297 |    74 |       |       ||  1095
       Chain mail        |       |       |       |       |       |   301 |   448 |   183 ||   932
Dodge: Dodged            |    39 |    77 |   209 |   532 |   400 |   308 |   565 |   212 ||  2342
Block: Other             |       |       |    22 |   187 |    22 |       |       |       ||   231
       Reflection        |       |       |     1 |    10 |    22 |    61 |    27 |    14 ||   135
       Buckler           |       |       |       |       |   443 |   462 |   754 |   244 ||  1903
